AoeStats
← Antinomy

Oasis

508823701Analyzed
4v4 RM · 7d ago on Sep 24, 2026· 46m 17s· 8 players
Game mode
Random Map
Map size
Large (8 player)
Population
200
Speed
Normal
Resources
Standard
Victory
Conquest
Starting age
Dark Age
Ending age
Imperial Age
RankedLock teamsTeams togetherTeam positionsShared explorationLock speedFull tech treeHidden civsTurbo modeCheats
Victory
Defeat
🇺🇸 Saxons · United States
1259
+15
🇨🇳 Varangians · China
1237
+16
🇩🇪 Britons · Germany
1228
+16
🇦🇺 Hindustanis · Australia
1162
+18
🇮🇳 Mongols · India
1244
-17
🇨🇳 Tupi · China
1230
-16
🇮🇳 Huns · India
1221
-16
🇨🇳 Chinese · China
1216
-16
Antinomy
5:01 Loom
12:52 Feudal Age
13:01 Champi Runner
14:14 Double-Bit Axe
16:09 Horse Collar
18:44 Fletching
23:38 Castle Age
21:44 Gold Mining
23:53 Stone Mining
24:23 Bodkin Arrow
24:29 Padded Archer Armor
25:39 Bow Saw
26:40 Heavy Plow
30:10 Wheelbarrow
30:17 Leather Archer Armor
31:17 Ballistics
33:59 Gold Shaft Mining
38:00 Hand Cart
37:37 Treadmill Crane
37:54 Murder Holes
43:06 Imperial Age
41:46 Scale Mail Armor
41:56 Forging
41:42 Town Watch
43:16 Elite Blackwood Archer
43:58 Bracer
44:29 Ring Archer Armor
44:24 Conscription
45:01 Curare
46:27 Chemistry
Ghajini
9:15 Feudal Age
9:56 Horse Collar
10:02 Double-Bit Axe
10:23 Horse Collar
10:36 Loom
17:11 Wheelbarrow
21:38 Castle Age
20:20 Bloodlines
20:16 Scale Barding Armor
20:07 Gold Mining
21:39 Forging
22:49 Chain Barding Armor
23:12 Bow Saw
23:08 Heavy Plow
28:49 Chain Barding Armor
29:33 Hand Cart
35:30 Imperial Age
34:13 Iron Casting
35:50 Cavalier
37:32 Plate Barding Armor
37:11 Paladin
39:55 Two-Man Saw
39:40 Town Watch
41:22 Blast Furnace
41:04 Husbandry
Hyderabad (Ind)
11:50 Feudal Age
12:20 Double-Bit Axe
12:41 Horse Collar
15:25 Bloodlines
17:44 Castle Age
16:44 Forging
17:18 Scale Barding Armor
18:53 Husbandry
22:59 Heavy Plow
24:06 Light Cavalry
25:15 Gold Mining
25:15 Stone Mining
26:16 Bow Saw
27:46 Gold Shaft Mining
27:46 Stone Shaft Mining
28:57 Chain Barding Armor
巨大的问号
0:36 Loom
9:49 Feudal Age
13:13 Fletching
14:38 Double-Bit Axe
17:20 Horse Collar
20:20 Gold Mining
22:52 Castle Age
22:00 Padded Archer Armor
23:14 Crossbowman
24:46 Bodkin Arrow
27:51 Elite Skirmisher
MrSmiley
3:21 Loom
10:00 Feudal Age
12:52 Man-at-Arms
14:58 Town Watch
17:02 Double-Bit Axe
17:03 Horse Collar
19:27 Wheelbarrow
25:13 Castle Age
23:10 Arson
25:45 Scale Mail Armor
25:16 Long Swordsman
26:04 Squires
27:26 Fletching
27:53 Chain Mail Armor
28:29 Bow Saw
32:12 Forging
34:04 Stone Mining
41:18 Bodkin Arrow
42:52 Heavy Plow
44:59 Ballistics
altrnate15
5:56 Loom
8:28 Feudal Age
9:02 Horse Collar
9:09 Double-Bit Axe
15:22 Gold Mining
15:22 Town Watch
17:23 Scale Barding Armor
17:29 Forging
20:34 Castle Age
21:49 Bow Saw
21:39 Heavy Plow
28:38 Bloodlines
30:33 Wheelbarrow
32:13 Scale Mail Armor
32:57 Town Patrol
33:13 Hand Cart
33:25 Fervor
33:15 Devotion
33:26 Redemption
34:00 Chain Barding Armor
35:10 Iron Casting
35:39 Fletching
35:50 Padded Archer Armor
35:50 Scale Mail Armor
37:12 Masonry
36:58 Murder Holes
37:13 Fortified Wall
36:54 Guard Tower
37:24 Ballistics
39:36 Imperial Age
38:05 Careening
38:05 Clinker Construction
38:11 Chain Mail Armor
38:12 Leather Archer Armor
37:52 Bodkin Arrow
38:54 Caravan
39:24 Coinage
39:08 Grand Trunk Road
39:28 Stone Mining
39:56 Husbandry
39:16 Light Cavalry
40:48 Gold Shaft Mining
40:48 Stone Shaft Mining
40:55 Plate Barding Armor
40:51 Ring Archer Armor
41:21 Blast Furnace
39:43 Heavy Camel Rider
40:45 Conscription
40:25 Shatagni
41:36 Chemistry
40:48 Careening
40:49 Clinker Construction
41:33 Bracer
41:51 Block Printing
42:01 Illumination
41:32 Herbal Medicine
41:57 Faith
42:47 Two-Man Saw
41:53 Imperial Camel Rider
43:50 Theocracy
42:46 Siege Elephant
44:31 Banking
44:42 Hoardings
45:44 Sanctity
44:46 Elite Ghulam
44:50 Hussar
45:55 Carvel Hull
45:40 Siege Engineers
laofengzi
10:19 Feudal Age
11:25 Loom
15:07 Castle Age
16:05 Bloodlines
17:58 Husbandry
19:06 Double-Bit Axe
21:06 Horse Collar
26:55 Bow Saw
27:23 Forging
29:32 Wheelbarrow
29:29 Scale Barding Armor
32:50 Iron Casting
32:39 Chain Barding Armor
33:58 Gold Mining
37:01 Imperial Age
36:00 Hand Cart
35:51 Heavy Plow
37:07 Vendel Legacy
37:39 Cavalier
40:48 Blast Furnace
40:46 Conscription
SPROP
7:25 Loom
10:37 Feudal Age
15:41 Castle Age
14:15 Horse Collar
20:13 Crossbowman
20:56 Fletching
22:42 Double-Bit Axe
22:35 Elite Skirmisher
23:40 Padded Archer Armor
25:09 Heavy Plow
26:13 Bodkin Arrow
28:12 Wheelbarrow
27:22 Town Watch
29:36 Leather Archer Armor
30:59 Gold Mining
31:10 Stone Mining
32:28 Bow Saw
32:21 Scale Mail Armor
32:31 Forging
33:56 Hand Cart
38:12 Imperial Age
36:26 Gold Shaft Mining
36:40 Iron Casting
37:02 Ballistics
36:26 Treadmill Crane
37:03 Caravan
37:25 Scale Barding Armor
38:18 Arbalester
40:09 Two-Man Saw
39:24 Bracer
39:55 Ring Archer Armor
41:22 Chain Mail Armor
42:38 Pikeman
43:18 Squires
43:16 Halberdier
46:56 Chemistry
46:02 Siege Engineers
46:20 Yeomen
46:21 Conscription
Connection lost

Rejoining the realm…

Still unreachable

The connection could not be restored.

Session expired

The server has moved on; the page needs a fresh start.